 Dungeon Crawl Stone Soup version 0.31-a0-691-g409c26aa35 (webtiles) character file.

Game seed: 3190885381104087780

28 qw the Shooter (level 3, -4/21 HPs)
             Began as a Gargoyle Hunter on Sept 6, 2023.
             Slain by Terence
             ... wielding a +6 flail of protection
              (9 damage)
             ... on level 2 of the Dungeon.
             The game lasted 00:00:24 (1041 turns).

qw the Shooter (Gargoyle Hunter)                    Turns: 1041, Time: 00:00:25

Health: -4/21      AC:  6    Str: 14    XL:     3   Next: 14%
Magic:  3/3        EV: 11    Int:  9    God:
Gold:   54         SH:  5    Dex: 15    Spells: 2/2 levels left

rFire   . . .        Y - +0 shortbow
rCold   . . .        (shield currently unavailable)
rNeg    + . .        c - +0 leather armour
rPois   inf          (no helmet)
rElec   +            (no cloak)
rCorr   .            (no gloves)
SInv    .            (no boots)
Will    .....        h - amulet of reflection
Stlth   ++           (no ring)
HPRegen 0.23/turn    (no ring)
MPRegen 0.08/turn

%: reflection
@: no status effects
A: sickness immunity, AC +3, negative energy resistance 1, electricity
resistance, torment resistance 1, petrification resistance
a: no special abilities


You were on level 2 of the Dungeon.
You visited 1 branch of the dungeon, and saw 2 of its levels.

You collected 54 gold pieces.


Innate Abilities, Weirdness & Mutations

You are immune to sickness and miasma.
Your stone body is resilient. (AC +3)
You are immune to poison.
You resist negative energy. (rN+)
You are resistant to electric shocks. (rElec)
You are resistant to unholy torment.
You are immune to petrification.


   Skills:
 + Level 2.2 Fighting
 - Level 5.0 Ranged Weapons
 - Level 1.5 Dodging
 - Level 1.1 Stealth


You had 2 spell levels left.
You didn't know any spells.
Your spell library was empty.

Inventory:

Hand Weapons
 Y - a +0 shortbow (weapon)
Armour
 b - a +0 pair of boots
 c - a +0 leather armour (worn)
Jewellery
 a - an amulet of regeneration
 h - an amulet of reflection (around neck)
Potions
 g - a potion of attraction {unknown}

Dungeon Overview and Level Annotations

Branches:
Dungeon (2/15)

Altars:

Annotations:
D:2 Terence


Message History

Found a runed helmet.
You shoot an arrow.
The arrow hits Terence but does no damage.
Terence shouts!
You shoot an arrow. The arrow closely misses Terence.
Terence screams, "I want your blood!"
You shoot an arrow.
The arrow hits Terence but does no damage.
You shoot an arrow.
The arrow hits Terence but does no damage.
You block Terence's attack.
You shoot an arrow. The arrow completely misses Terence.
Terence hits you with a +6 flail of protection!
You shoot an arrow.
The arrow hits Terence but does no damage.
Terence hits you with a +6 flail of protection!
You shoot an arrow. The arrow hits Terence!
Terence is heavily wounded.
Terence barely misses you.
You shoot an arrow. The arrow closely misses Terence.
Terence closely misses you.
You shoot an arrow.
The arrow hits Terence but does no damage.
Terence is heavily wounded.
Terence barely misses you. Terence misses you.
You shoot an arrow.
The arrow hits Terence but does no damage.
Terence is heavily wounded.
You block Terence's attack.
You shoot an arrow. The arrow hits Terence.
Terence is severely wounded.
You block Terence's attack.
You shoot an arrow. The arrow closely misses Terence.
Terence completely misses you.
You shoot an arrow. The arrow hits Terence.
Terence is almost dead.
Terence hits you but does no damage.
You shoot an arrow. The arrow barely misses Terence.
Terence hits you with a +6 flail of protection!
You die...

##################
#.................
#@################
......@....#
......#.##.#
#...#.#<. # #.# #
#.. # ...# #..#
#.[#


You could see Terence.

Vanquished Creatures
  3 ball pythons (D:2)
  2 endoplasms (D:1)
  2 giant cockroaches (D:1)
  2 goblins (D:1)
  3 hobgoblins
  4 jackals (D:1)
  2 frilled lizards
  3 kobolds
  5 rats (D:1)
26 creatures vanquished.

Notes
Turn   | Place    | Note
-------+----------+-------------------------------------------
     0 | D:1      | qw the Gargoyle Hunter began the quest for the Orb.
     0 | D:1      | Reached XP level 1. HP: 12/12 MP: 1/1
     0 | D:1      | 0 ||| qw: Version: 0.3-a-76-g4403597
     0 | D:1      | 0 ||| qw: Game counter: 230
     0 | D:1      | 0 ||| qw: Melee chars always use a shield: true
     0 | D:1      | 0 ||| qw: God list: Okawaru
     0 | D:1      | 0 ||| qw: Allow faded altars: false
     0 | D:1      | 0 ||| qw: Do Orc after clearing Dungeon:15 true
     0 | D:1      | 0 ||| qw: Do second Lair branch before Depths: true
     0 | D:1      | 0 ||| qw: Lair rune preference: random
     0 | D:1      | 0 ||| qw: Goals: Normal
     0 | D:1      | 0 ||| PLANNING D:1-11
    75 | D:1      | Reached XP level 2. HP: 12/17 MP: 2/2
    79 | D:1      | HP: 4/17 [jackal (3)]
    84 | D:1      | HP: 3/17 [jackal (2)]
    87 | D:1      | HP: 1/17 [jackal (3)]
    94 | D:1      | HP: 2/17 [jackal (1)]
   579 | D:1      | Found a faded altar of an unknown god.
   661 | D:1      | 661 ||| UPGRADING to amulet of reflection.
   666 | D:1      | 666 ||| READING scroll labelled MUEXTO YCUEXTI.
   667 | D:1      | 667 ||| READING scroll labelled ERUCODGHEZO.
   668 | D:1      | 668 ||| READING scroll labelled ALACHU KAQAM.
   669 | D:1      | 669 ||| READING scroll labelled FUAKET YKHAD.
   672 | D:1      | 672 ||| DROPPING scroll of butterflies.
   710 | D:2      | Reached XP level 3. HP: 21/21 MP: 3/3
   855 | D:2      | Reached skill level 5 in Ranged Weapons
  1027 | D:2      | Noticed Terence
  1033 | D:2      | HP: 3/21 [Terence/+6 flail of protection (8)]
  1041 | D:2      | Slain by Terence

Levels and vault maps discovered:
D:1:      lightli_arrival_boilingwater, layout_loops_ring,
          dreamdust_ecumenical_altar_hidden_monk_grotto
D:2:      layout_basic, uniq_terence

Skill      XL: |  1  2  3 |
---------------+----------+-----
Ranged Weapons | 5 |  5.0
Fighting       | |  2.2
Dodging        | |  1.5
Stealth        | |  1.1

Action                     || total
---------------------------++-------
   Fire: Shortbow          ||   104
    Use: Scroll            ||     4
 Armour: Leather armour    ||    53
  Dodge: Dodged            ||    71
  Block: Other             ||     3

Table legend:
 A = Non-vault XP
 B = Vault XP
 C = Vault XP percentage of total XP
 D = Non-vault monster count
 E = Vault monster count
 F = Vault count percentage of total count
                 A         B        C        D         E       F
            +---------+---------+-------+---------+---------+-------
      Total |      41 |       0 |   0.0 |      26 |       0 |   0.0
            +---------+---------+-------+---------+---------+-------
        D:1 |      32 |       0 |   0.0 |      20 |       0 |   0.0
        D:2 |       9 |       0 |   0.0 |       6 |       0 |   0.0
            +---------+---------+-------+---------+---------+-------
